 Dungeon Crawl Stone Soup version 0.30-a0-394-g3e4acdb0ae (webtiles) character file.

Game seed: 9804380365441547586

103490 kae the Warrior (level 15, 0/178 (185) HPs)
             Began as a Grey Draconian Transmuter on Dec 6, 2022.
             Was a Priest of Ru.
             Slain by a skeletal warrior
             ... wielding a +0 war axe
              (8 damage)
             ... on level 15 of the Dungeon.
             The game lasted 00:37:42 (24298 turns).

kae the Warrior (Grey Draconian Transmuter)        Turns: 24298, Time: 00:37:43

HP:   0/178 (185)   AC: 27    Str: 16    XL:     15   Next: 89%
MP:   29/29         EV: 16    Int: 24    God:    Ru [***...]
Gold: 4618          SH:  0    Dex: 11    Spells: 6/34 levels left

rFire   . . .      SeeInvis .      - Unarmed
rCold   + . .      Faith    .    (no shield)
rNeg    + + .      Spirit   .    (body armour unavailable)
rPois   ∞          Reflect  .    (helmet restricted)
rElec   +          Harm     .    (no cloak)
rCorr   .          Rampage  .    (gloves currently unavailable)
Will    +++..      Clarity  +    (boots currently unavailable)
Stlth   ..........               S - amulet "Ojyduq" {rN+ Will+ Regen+}
HPRegen 1.29/turn                I - +6 ring of intelligence
MPRegen 0.21/turn                C - ring of willpower

@: exhausted, about to teleport, statue-form, wereblooded, lightly drained,
unable to drink, very slow
A: slow and powerful, torment resistance 1, boosted hp, AC +14, amphibious,
unfitting armour, cold-blooded, inability to drink after injury 2, no stealth,
hated by all, hooves 1, clarity, cold resistance 1, screaming 1
a: End Transformation, Renounce Religion, Sacrifice Experience, Sacrifice
Arcana, Sacrifice Words, Reject Sacrifices, Draw Out Power


You were on level 15 of the Dungeon.
You worshipped Ru.
Ru was most pleased with you.
You were a living statue of rough stone.
You visited 4 branches of the dungeon, and saw 23 of its levels.
You also visited: Sewer and Gauntlet.

You collected 4618 gold pieces.


Innate Abilities, Weirdness & Mutations

You are a living statue of rough stone.
Your actions are slow, but your melee attacks are powerful.
You are resistant to unholy torment.
Your maximum health is greatly increased.
You are immune to poison.
Your equipment is partially melded.
((Your dull iron-grey scales are very hard. (AC +14)))
You are amphibious.
You cannot fit into any form of body armour.
You are cold-blooded and may be slowed by cold attacks.
You sometimes lose the ability to drink potions when taking damage.
You cannot be stealthy.
You are hated by all.
You have large cloven feet.
You possess an exceptional clarity of mind.
Your flesh is cold resistant. (rC+)
You occasionally shout uncontrollably at your foes.


   Skills:
 + Level 15.7 Fighting
 + Level 10.7 Dodging
 + Level 13.7 Unarmed Combat
 - Level 10.0 Spellcasting
 - Level 14.1 Transmutations
 - Level 5.0 Ice Magic
 - Level 11.0 Earth Magic
 - Level 3.5 Poison Magic


You had 6 spell levels left.
You knew the following spells:

 Your Spells              Type           Power      Damage    Failure   Level
a - Beastly Appendage     Tmut           100%       N/A       0%          1
b - Wereblood             Tmut           68%        N/A       1%          2
c - Spider Form           Tmut/Pois      53%        N/A       1%          3
d - Ice Form              Ice/Tmut       55%        N/A       1%          4
e - Statue Form           Tmut/Erth      42%        N/A       4%          6
f - Petrify               Tmut/Erth      64%        N/A       1%          4
g - Lee's Rapid Deconstr  Erth           29%        3d15*     1%          5
h - Ozocubu's Armour      Ice            36%        N/A       1%          3

Your spell library contained the following spells:

 Spells                   Type           Power      Damage    Failure   Level
 Sting                    Tmut/Pois      100%       1d8       1%          1
 Blade Hands              Tmut           34%        N/A       1%          5
 Poisonous Vapours        Pois/Air       40%        N/A       3%          2
 Kiss of Death            Conj/Necr      48%        2d9       5%          1
 Leda's Liquefaction      Hex/Erth       19%        N/A       5%          4
 Olgreb's Toxic Radiance  Pois           28%        N/A       12%         4
 Confusing Touch          Hex            12%        N/A       16%         3
 Dazzling Flash           Conj/Hex       24%        N/A       16%         3
 Portal Projectile        Hex/Tloc       24%        N/A       16%         3
 Cause Fear               Hex            6%         N/A       45%         4
 Dispel Undead            Necr           12%        3d9       45%         4
 Metabolic Englaciation   Hex/Ice        12%        N/A       45%         5
 Agony                    Necr           12%        N/A       82%         5
 Fireball                 Conj/Fire      6%         3d5       82%         5
 Iskenderun's Battlesphe  Conj           12%        2d7       82%         5
 Silence                  Hex/Air        6%         N/A       82%         5
 Conjure Ball Lightning   Conj/Air       6%         3x3d7     100%        6
 Dragon Form              Tmut           34%        N/A       13%         7
 Orb of Destruction       Conj           6%         9d6       100%        7
 Animate Armour           Summ/Erth      Unusable   N/A       N/A         4
 Call Imp                 Summ           Unusable   N/A       N/A         2
 Summon Guardian Golem    Hex/Summ       Unusable   N/A       N/A         3
 Tukima's Dance           Hex            Unusable   N/A       N/A         3
 Animate Dead             Necr           Unusable   N/A       N/A         4
 Summon Forest            Summ/Tloc      Unusable   N/A       N/A         5
 Simulacrum               Ice/Necr       Unusable   N/A       N/A         6
 Haunt                    Necr/Summ      Unusable   N/A       N/A         7
 Spellforged Servitor     Conj/Summ      Unusable   N/A       N/A         7
 Infestation              Necr           Unusable   N/A       N/A         8
 Dragon's Call            Summ           Unusable   N/A       N/A         9

Inventory:

Missiles
 d - 4 atropa-tipped darts
 p - 30 poisoned darts
 x - 4 curare-tipped darts {=f}
 N - 4 throwing nets {=f!f}
Magical Staves
 e - a staff of conjuration {!a}
   (You took it off a centaur warrior on level 13 of the Dungeon)
 u - a staff of fire {!a}
   (You found it on level 8 of the Dungeon)
 E - a staff of cold {!a}
   (You found it in a Gauntlet)
 H - a staff of poison {!a}
   (You found it in a Gauntlet)
 Q - a staff of air {!a}
   (You found it in a Gauntlet)
 W - a staff of fire {!a}
   (You found it in a Gauntlet)
Jewellery
 c - a ring of protection from cold
   (You found it in a Gauntlet)
 z - the ring "Fatyrph" {rC+ Dex+2}
   (You found it on level 9 of the Dungeon)

   [ring of protection from cold]

   Dex:       It affects your dexterity (+2).
   rC:        It protects you from cold.
 A - an amulet of the acrobat
   (You found it on level 1 of the Dungeon)
 C - a ring of willpower (right fist)
   (You took it off a deep elf pyromancer on level 13 of the Dungeon)
 I - a +6 ring of intelligence (left fist)
   (You found it in a Gauntlet)
 P - a ring of poison resistance
   (You found it on level 7 of the Dungeon)
 S - the amulet "Ojyduq" (around neck) {rN+ Will+ Regen+}
   (You found it in a Gauntlet)

   [amulet of regeneration]

   rN:        It protects you from negative energy.
   Regen:     It increases your rate of health regeneration.
   Will:      It increases your willpower.
 T - an amulet of faith {!P}
   (You found it on level 10 of the Dungeon)
 Z - a ring of wizardry
   (You found it on level 6 of the Dungeon)
Wands
 b - a wand of iceblast (31)
   (You found it on level 2 of the Dungeon)
 k - a wand of mindburst (10)
   (You found it on level 8 of the Dungeon)
 F - a wand of acid (6)
   (You found it on level 14 of the Dungeon)
 M - a wand of digging (12)
   (You found it on level 3 of the Lair of Beasts)
 V - a wand of flame (29)
   (You found it in a Gauntlet)
 Y - a wand of charming (21)
   (You found it on level 5 of the Lair of Beasts)
Scrolls
 f - a scroll of brand weapon
 g - 8 scrolls of teleportation {@r4}
 v - 6 scrolls of poison {!r}
 w - 2 scrolls of enchant armour
 y - 5 scrolls of enchant weapon
 B - 4 scrolls of identify {@r1}
 D - 2 scrolls of magic mapping {!r}
 G - 2 scrolls of immolation {!r!r}
 K - a scroll of torment {!r}
 O - 6 scrolls of fear
 X - a scroll of silence {!r}
Potions
 a - 4 potions of mutation {!q}
 h - 8 potions of might
 i - 6 potions of attraction {!q}
 j - 4 potions of cancellation
 m - 3 potions of brilliance
 n - a potion of lignification {!q}
 o - 5 potions of flight
 q - a potion of haste {@q3}
 r - 11 potions of curing {@q1}
 s - 2 potions of berserk rage {!q}
 t - 2 potions of magic
 J - 3 potions of ambrosia
 U - 4 potions of heal wounds {@q2}
Miscellaneous
 l - a box of beasts
   (You found it on level 12 of the Dungeon)
 L - a condenser vane
   (You found it in a Gauntlet)

Dungeon Overview and Level Annotations

Branches:
Dungeon (15/15) Zot: 26877  Temple (1/1) D:5 Zot: 5533    Lair (5/5) D:11 Zot: 22733
  Swamp (0/4) Lair:2       Spider (0/4) Lair:3        Slime (0/5) Lair:4
    Orc (2/2) D:12 Zot: 8799     Elf (0/3) Orc:2        Vaults (0/5) D:13
  Sewer (visited)         Gauntlet (visited)
 Depths: D:15

Altars:
Ashenzari
Cheibriados
Dithmenos
Elyvilon
Gozag
Kikubaaqudgha
Makhleb
Nemelex Xobeh
Okawaru
Qazlal
Ru
Sif Muna
Trog
Uskayaw
Vehumet
Wu Jian
Xom
The Shining One

Shops:
Orc:2 !(*!

Annotations:
D:9 3 runed translucent doors, ma3's ghost, novice AtNe
D:10 3 runed translucent doors, Tifrywos's ghost, journeyman OpTm; Utricluf's ghost, novice NaVM
D:13 3 runed translucent doors, Shenda's ghost, journeyman DrTm

.... #........[.#
..... #..........#
..... #..........#
......
###.########
#...### ##†#
..#.....###..#
........o....#
..............#
..##........z8##
....##u....pz..##
....##....o###z.##
#........oou†uo..#
#........#########
..###....# #.z#.#
#......†o..#
#........z.....


You could see an orc knight (fleeing), a white ugly thing, 3 skeletal warriors,
a wizard, an orc warrior, an orc priest and an orc.


Message History

You tail-slap the skeletal warrior.
The skeletal warrior hits you with a +0 trident!
A white ugly thing comes into view.
The skeletal warrior barely misses you.
The white ugly thing gurgles horribly! 😮 HP[-12] MP[+1]
You take 12 damage, and now have 100/185 hp.
You pummel the skeletal warrior!!
You kick the skeletal warrior, but do no damage.
The skeletal warrior hits you with a +0 trident!
* * * LOW HITPOINT WARNING * * *
You focus your inner power and blind the skeletal warrior in retribution!
The skeletal warrior hits you but does no damage.
The skeletal warrior closely misses you.
The skeletal warrior is stunned by your conviction and fails to attack. 😨 HP[-8]
You take 8 damage, and now have 92/185 hp.
Unknown command.
You catch the helpless skeletal warrior completely off-guard!
You pummel the skeletal warrior like a punching bag!!!
You feel a bit better.
You destroy the skeletal warrior!
The orc warrior no longer looks unusually strong.
The orc no longer looks unusually strong.
The skeletal warrior hits you with a +0 flail!
* * * LOW HITPOINT WARNING * * *
😨 HP[-8]
You take 8 damage, and now have 84/185 hp.
You see here a +0 trident. 😨 HP[+2]
You regained 2 hp, and now have 86/185 hp.
You pulverise the skeletal warrior!!!
The orc priest begins to pray, but is stunned by your conviction!
The skeletal warrior barely misses you.
The orc knight hits you from afar with a +0 halberd!
You feel threatened and lose the ability to drink potions!
* * * LOW HITPOINT WARNING * * *
😨 HP[-12] MP[+1]
You take 12 damage, and now have 74/185 hp.
Your mp is fully restored (29).
The skeletal warrior attacks as you move away!
The skeletal warrior hits you with a +0 flail.
* * * LOW HITPOINT WARNING * * *
You howl as the wereblood boils in your veins!
A wizard appears from thin air!
Reactivating autopickup.
The orc knight hits you with a +0 halberd!
* * * LOW HITPOINT WARNING * * *
The skeletal warrior hits you with a +0 battleaxe.
* * * LOW HITPOINT WARNING * * *
The wizard gestures wildly while chanting.
The wizard blinks!
The orc knight begins to attack, but is stunned by your conviction!
The skeletal warrior hits you with a +0 flail!!
* * * LOW HITPOINT WARNING * * *
😱 HP[-30]
You take 30 damage, and now have 44/185 hp.
Unknown command.
Okay, then.
As you read the scroll of fear, it crumbles to dust.
You assume a fearsome visage.
The skeletal warrior is unaffected.
The skeletal warrior is unaffected.
The skeletal warrior is unaffected.
The orc knight looks frightened!
The white ugly thing looks frightened! x2
The skeletal warrior completely misses you.
The skeletal warrior hits you with a +0 flail!
* * * LOW HITPOINT WARNING * * *
😱 HP[-15]
You take 15 damage, and now have 29/185 hp.
Unknown command.
As you read the scroll of teleportation {@r4}, it crumbles to dust.
You feel strangely unstable.
The skeletal warrior hits you with a +0 battleaxe!
* * * LOW HITPOINT WARNING * * *
The skeletal warrior barely misses you.
The skeletal warrior hits you but does no damage.
You redirect the skeletal warrior's attack!
The skeletal warrior hits something with a +0 flail! 😱 HP[-8]
You take 8 damage, and now have 21/185 hp.
Unknown command.
You cannot drink potions in your current state!
You are restored by drawing out deep reserves of power within.
You feel drained.
The skeletal warrior hits you with a +0 battleaxe!
* * * LOW HITPOINT WARNING * * *
The skeletal warrior hits you with a +0 war axe.
* * * LOW HITPOINT WARNING * * *
The skeletal warrior hits you with a +0 flail!!
* * * LOW HITPOINT WARNING * * *
The orc knight begins to attack, but is stunned by your conviction! 😱 HP[-15]
You now have 178 max hp (-7).
You take 15 damage, and now have 6/178 hp.
Unknown command.
The white ugly thing seems to regain its courage.
The skeletal warrior hits you but does no damage.
The skeletal warrior hits you with a +0 war axe!
You die...

Skill      XL: |  1  2  3  4  5  6  7  8  9 10 11 12 13 14 15 |
---------------+----------------------------------------------+-----
Transmutations | 3 4 5 7 9 10 11 13 14 | 14.1
Poison Magic   | 1 2 3 |  3.5
Spellcasting   | 3 4 5 7 8 9 10 | 10.0
Unarmed Combat | 4 5 6 8 9 10 12 13 | 13.7
Ice Magic      | 1 3 5 |  5.0
Earth Magic    | 1 4 6 8 9 10 11 | 11.0
Dodging        | 2 3 5 6 8 10 | 10.7
Fighting       | 4 7 10 13 15 | 15.7

Action                   |  1- 3 |  4- 6 |  7- 9 | 10-12 | 13-15 || total
-------------------------+-------+-------+-------+-------+-------++-------
Melee: Unarmed           |   101 |   171 |   192 |   510 |  1223 ||  2197
       Kick              |    22 |    28 |     2 |   168 |   500 ||   720
       Headbutt          |    15 |    11 |     1 |       |       ||    27
       Tailslap          |    13 |    17 |     3 |    82 |   225 ||   340
       Punch             |     1 |     5 |       |    31 |   118 ||   155
 Cast: Beastly Appendage |    26 |    24 |     1 |       |     1 ||    52
       Ice Form          |       |     1 |    17 |     8 |     2 ||    28
       Spider Form       |       |       |     2 |       |       ||     2
       Wereblood         |       |       |     6 |     8 |    19 ||    33
       Statue Form       |       |       |       |    49 |    94 ||   143
Invok: Sacrifice Love    |       |       |     1 |       |       ||     1
       Sacrifice Stealth |       |       |       |     1 |       ||     1
       Reject Sacrifices |       |       |       |     1 |     1 ||     2
       Sacrifice Drink   |       |       |       |     1 |       ||     1
       Draw Out Power    |       |       |       |       |     2 ||     2
 Abil: End Transformatio |       |       |     1 |     2 |     2 ||     5
Evoke: Wand              |       |       |     5 |       |       ||     5
  Use: Scroll            |     5 |     4 |     6 |     5 |     8 ||    28
       Potion            |       |     7 |     1 |       |       ||     8
 Stab: Invisible         |       |     2 |       |       |     4 ||     6
       Sleeping          |       |     1 |       |       |       ||     1
       Distracted        |       |       |       |     1 |     4 ||     5
Armor: Skin              |    14 |    54 |    28 |   407 |   872 ||  1375
Dodge: Dodged            |    55 |   126 |   108 |   471 |  1088 ||  1848

Levels and vault maps discovered:
D:1:      minmay_arrival_jagged, layout_rooms, minmay_pentomino_s2
D:2:      layout_rooms
D:3:      wad_lake_hut, layout_basic
D:4:      layout_loops_corners, serial_bayou_ford_a
D:5:      layout_rooms, minmay_temple_entry_waves
D:6:      layout_cave_pools, gup_sewer_entry_pipe, hex_tiny, st_stairs_13,
          hex_large, uniq_menkaure, uniq_blork_the_orc
D:7:      layout_basic, hellmonk_guarded_unrand_gong, uniq_crazy_yiuf_cottage,
          uniq_maggie
D:8:      layout_loops_corners, nicolae_overflow_hidden_temple,
          dreamdust_gnoll_shepherd
D:9:      layout_irregular_city, gammafunk_ghost_split, minmay_misc_feat_roman,
          grunt_ministairs_1, grunt_livestock, hangedman_decor_slide_cut,
          nzn_sisyphean_effort, uniq_erolcha
D:10:     layout_big_octagon, gammafunk_ghost_cemetery
D:11:     layout_basic, grunt_lair_entry_orc_guard_hut, gammafunk_ghost_split,
          uniq_psyche, uniq_nergalle
D:12:     layout_basic, zombieorc2_lemuel
D:13:     layout_roguey, david_vaults_5, serial_co_window_serial,
          co_window_corner_a, co_window_cross_1, co_window_of_opportunity_a,
          co_window_corner_a, co_window_of_opportunity_a, co_window_broadway_b,
          co_window_2corner, co_window_unsneaky_path_c, glass_columns_b,
          gammafunk_ghost_crypt, uniq_jorgrun, uniq_sonja, uniq_frances,
          uniq_kirke
D:14:     layout_rooms, roderic_serpentine_path
D:15:     gammafunk_depths_entry_grave, layout_rooms, vehumet_crystals,
          serial_shops, nicolae_shop_trees
Temple:   mainiacjoe_temple_big_plus
Lair:1:   layout_chaotic_city, enter_volcano_3, minmay_shattered_shrine,
          serial_bayou_shore_a
Lair:2:   layout_long_grid, minmay_swamp_entry_reptiles, grunt_megastairs_5,
          lemuel_fruit_tree, uniq_fannar
Lair:3:   layout_layer_cave, spider_nest_entry_funnel_web,
          gauntlet_entry_generic, small_statue_intersection
Lair:4:   layout_small_grid, minmay_slime_entry_pillars
Lair:5:   hangedman_lair_tendril_chambers, layout_regular_city,
          guppyfry_lair_end_dragon, columned_hall_lemuel
Orc:1:    layout_diamond_mine, statue_in_the_mist_lemuel
Orc:2:    pubby_orc_utopia, uniq_saint_roka

Notes
Turn   | Place    | Note
-------+----------+-------------------------------------------
     0 | D:1      | kae the Draconian Transmuter began the quest for the Orb.
     0 | D:1      | Reached XP level 1. HP: 16/16 MP: 3/3
     0 | D:1      | magus.rc [v1.11.3]
   131 | D:1      | Reached XP level 2. HP: 22/23 MP: 3/5
   546 | D:1      | Learned a level 2 spell: Wereblood
   736 | D:2      | Reached XP level 3. HP: 27/28 MP: 4/6
   740 | D:2      | Learned a level 3 spell: Spider Form
  1000 | D:3      | Reached skill level 3 in Transmutations
  1249 | D:3      | Reached skill level 1 in Poison Magic
  1334 | D:3      | Reached XP level 4. HP: 35/35 MP: 5/7
  1377 | D:3      | HP: 6/35 [goblin/+0 club (3)]
  2042 | D:4      | Noticed a black bear
  2045 | D:4      | HP: 12/52 [iguana (5)]
  2047 | D:4      | Gained mutation: You occasionally shout uncontrollably at
                  | your foes. [potion of mutation]
  2047 | D:4      | Gained mutation: You possess an exceptional clarity of
                  | mind. [potion of mutation]
  2047 | D:4      | Gained mutation: Your flesh is cold resistant. (rC+)
                  | [potion of mutation]
  2047 | D:4      | Gained mutation: You have large cloven feet. [potion of
                  | mutation]
  2049 | D:4      | HP: 1/52 [iguana (9)]
  2056 | D:4      | Killed a black bear
  2057 | D:4      | Reached skill level 2 in Poison Magic
  2057 | D:4      | Reached XP level 5. HP: 29/40 MP: 4/9
  2375 | D:4      | Reached skill level 4 in Transmutations
  2378 | D:4      | Reached skill level 3 in Spellcasting
  2571 | D:4      | Reached skill level 4 in Unarmed Combat
  2571 | D:4      | Reached XP level 6. HP: 34/47 MP: 10/10
  2786 | D:4      | Reached skill level 3 in Poison Magic
  2985 | D:5      | Entered Level 5 of the Dungeon
  3142 | D:5      | Found a staircase to the Ecumenical Temple.
  3176 | Temple   | Entered the Ecumenical Temple
  3612 | Temple   | Became a worshipper of Ru the Awakened
  3701 | D:5      | Learned a level 4 spell: Ice Form
  3933 | D:6      | Found a glowing drain.
  3963 | Sewer    | Entered a sewer
  3995 | Sewer    | Noticed Pargi
  4004 | Sewer    | Killed Pargi
  4005 | Sewer    | Reached skill level 1 in Ice Magic
  4005 | Sewer    | Your scales start taking on a dull iron-grey colour.
  4005 | Sewer    | Reached XP level 7. HP: 52/52 MP: 7/12
  4127 | D:6      | Noticed a steam dragon
  4140 | D:6      | Killed a steam dragon
  4141 | D:6      | Reached skill level 5 in Transmutations
  4355 | D:6      | Reached skill level 2 in Ice Magic
  4369 | D:6      | You pick up a book of Sloth and begin reading...
  4369 | D:6      | You add the spells Petrify, Metabolic Englaciation and
                  | Statue Form to your library.
  4384 | D:6      | Noticed Blork the orc
  4392 | D:6      | Killed Blork the orc
  4626 | D:6      | Noticed Menkaure
  4636 | D:6      | Killed Menkaure
  4637 | D:6      | Reached skill level 4 in Spellcasting
  4637 | D:6      | Reached skill level 3 in Ice Magic
  4637 | D:6      | Reached XP level 8. HP: 59/59 MP: 8/14
  4779 | D:6      | Identified the +1 hand axe of Maawk {spect, Int+3}
  4900 | D:7      | Reached skill level 6 in Transmutations
  4946 | D:7      | Reached skill level 5 in Unarmed Combat
  4946 | D:7      | Noticed Maggie
  5017 | D:7      | Killed Maggie
  5018 | D:7      | Reached skill level 4 in Ice Magic
  5123 | D:7      | HP: 17/70 [gnoll/+0 spear[a gnoll bouda] (1)]
  5128 | D:7      | HP: 16/70 [gnoll/+0 spear[a gnoll bouda] (4)]
  5318 | D:7      | Learned a level 6 spell: Statue Form
  5337 | D:7      | Reached skill level 7 in Transmutations
  5337 | D:7      | Reached skill level 5 in Ice Magic
  5341 | D:7      | Reached skill level 1 in Earth Magic
  5399 | D:7      | Reached XP level 9. HP: 64/64 MP: 13/16
  5623 | D:7      | Reached skill level 2 in Earth Magic
  5723 | D:7      | Noticed a vault sentinel
  5723 | D:7      | Noticed a vault sentinel
  5949 | D:7      | Gained mutation: You are hated by all. [Ru sacrifice]
  5949 | D:7      | Reached * piety under Ru
  5963 | D:7      | Killed a vault sentinel
  5964 | D:7      | Reached skill level 6 in Unarmed Combat
  5964 | D:7      | Reached skill level 5 in Spellcasting
  5973 | D:7      | Killed a vault sentinel
  5974 | D:7      | Reached skill level 8 in Transmutations
  5974 | D:7      | Reached skill level 3 in Earth Magic
  6101 | D:7      | Found the +18 shield of the Gong {rElec rN+ Will+ EV-5}
  6229 | D:7      | Found a runed translucent door.
  6230 | D:7      | Noticed Crazy Yiuf
  6275 | D:7      | Identified a scroll of acquirement
  6275 | D:7      | Acquired 901 gold pieces
  6283 | D:7      | Killed Crazy Yiuf
  6964 | D:8      | Reached skill level 4 in Earth Magic
  7175 | D:8      | Reached skill level 9 in Transmutations
  7175 | D:8      | Reached XP level 10. HP: 71/71 MP: 13/18
  7578 | D:8      | Learned a level 4 spell: Petrify
  7646 | D:9      | Reached skill level 6 in Spellcasting
  7838 | D:9      | Noticed a centaur warrior
  7839 | D:9      | Found a runed translucent gate.
  7839 | D:9      | Found a runed translucent gate.
  7840 | D:9      | Found a runed translucent gate.
  7841 | D:9      | Noticed ma3's ghost (novice AtNe)
  7868 | D:9      | Reached skill level 7 in Unarmed Combat
  7877 | D:9      | Reached skill level 5 in Earth Magic
  8121 | D:9      | Identified the ring "Fatyrph" {rC+ Dex+2}
  8159 | D:9      | Noticed a boulder beetle
  8261 | D:9      | Killed a boulder beetle
  8396 | D:9      | Gained mutation: You cannot be stealthy. [Ru sacrifice]
  8396 | D:9      | Reached ** piety under Ru
  8457 | D:9      | Reached skill level 10 in Transmutations
  8548 | D:9      | Reached skill level 6 in Earth Magic
  8667 | D:9      | Reached skill level 7 in Spellcasting
  8676 | D:9      | Noticed Erolcha
  8686 | D:9      | Killed Erolcha
  8687 | D:9      | Reached skill level 2 in Dodging
  8687 | D:9      | Reached skill level 8 in Unarmed Combat
  8687 | D:9      | Reached XP level 11. HP: 58/79 MP: 21/21
  9143 | D:10     | Entered Level 10 of the Dungeon
  9207 | D:10     | You add the spells Sting, Poisonous Vapours and Olgreb's
                  | Toxic Radiance to your library.
  9293 | D:10     | Found a runed translucent gate.
  9294 | D:10     | Found a runed translucent gate.
  9295 | D:10     | Found a runed translucent gate.
  9296 | D:10     | Noticed Utricluf's ghost (novice NaVM)
  9297 | D:10     | Noticed Tifrywos's ghost (journeyman OpTm)
  9344 | D:10     | Reached skill level 2 in Fighting
  9800 | D:11     | Reached skill level 7 in Earth Magic
  9859 | D:11     | Reached skill level 11 in Transmutations
  9891 | D:11     | Found a runed translucent gate.
  9891 | D:11     | Found a runed translucent gate.
  9891 | D:11     | Found a runed translucent gate.
  9893 | D:11     | Noticed Jaakounette's ghost (journeyman SpBr)
 10002 | D:11     | Reached skill level 3 in Fighting
 10002 | D:11     | Reached skill level 3 in Dodging
 10023 | D:11     | HP: 20/82 [cyclops (24)]
 10277 | D:11     | Noticed Psyche
 10281 | D:11     | Killed Psyche
 10317 | D:11     | Noticed Nergalle
 10335 | D:11     | Killed Nergalle
 10364 | D:11     | Found a staircase to the Lair.
 10386 | D:11     | You fall into a shaft and drop 1 floor!
 10407 | D:12     | Noticed a two-headed ogre
 10413 | D:12     | Killed a two-headed ogre
 10857 | D:11     | Killed Jaakounette's ghost
 10858 | D:11     | Reached skill level 4 in Fighting
 10858 | D:11     | Reached skill level 8 in Earth Magic
 11014 | Lair:1   | Entered Level 1 of the Lair of Beasts
 11042 | D:11     | Reached XP level 12. HP: 63/91 MP: 8/23
 11236 | Lair:1   | Reached skill level 4 in Dodging
 11236 | Lair:1   | Reached skill level 12 in Transmutations
 11285 | Lair:1   | Reached skill level 9 in Unarmed Combat
 11285 | Lair:1   | Reached skill level 8 in Spellcasting
 11496 | Lair:1   | Reached skill level 5 in Fighting
 11529 | Lair:1   | You pick up a book of the Earth and begin reading...
 11529 | Lair:1   | You add the spells Leda's Liquefaction and Lee's Rapid
                  | Deconstruction to your library.
 11915 | Lair:1   | Reached skill level 6 in Fighting
 12208 | Lair:1   | Reached skill level 9 in Earth Magic
 12804 | Lair:2   | Reached skill level 7 in Fighting
 12804 | Lair:2   | Reached skill level 5 in Dodging
 12864 | Lair:2   | You pick up a book of the Senses and begin reading...
 12864 | Lair:2   | You add the spells Dazzling Flash, Agony and Silence to
                  | your library.
 13218 | Lair:2   | Noticed Fannar
 13219 | Lair:2   | Gained mutation: You occasionally lose the ability to drink
                  | potions when taking damage. [Ru sacrifice]
 13219 | Lair:2   | Gained mutation: You sometimes lose the ability to drink
                  | potions when taking damage. [Ru sacrifice]
 13219 | Lair:2   | Reached *** piety under Ru
 13234 | Lair:2   | Killed Fannar
 13451 | Lair:2   | Found a staircase to the Swamp.
 13451 | Lair:2   | Noticed an eight-headed hydra
 13458 | Lair:2   | Killed an eight-headed hydra
 13459 | Lair:2   | Reached skill level 13 in Transmutations
 13751 | Lair:3   | Noticed a catoblepas
 13758 | Lair:3   | Killed a catoblepas
 13830 | Lair:3   | Reached XP level 13. HP: 107/107 MP: 20/25
 13914 | Lair:3   | Found a gate leading to a gauntlet.
 13927 | Gauntlet | Entered a Gauntlet
 13927 | Gauntlet | Found a transporter.
 13927 | Gauntlet | Found a transporter.
 13932 | Gauntlet | Found a transporter.
 13932 | Gauntlet | Found a transporter.
 13939 | Gauntlet | Found a transporter.
 13961 | Gauntlet | Found a transporter.
 13978 | Gauntlet | Found a transporter.
 13986 | Gauntlet | Found a transporter.
 13986 | Gauntlet | Found a transporter.
 13993 | Gauntlet | Found a transporter.
 13999 | Gauntlet | Found a transporter.
 14074 | Gauntlet | Found a transporter.
 14088 | Gauntlet | Found a transporter.
 14088 | Gauntlet | Found the +0 pair of fencer's gloves {Riposte Dex+3}
 14186 | Gauntlet | Found a transporter.
 14200 | Gauntlet | Found a transporter.
 14213 | Gauntlet | Found a transporter.
 14328 | Gauntlet | Reached skill level 8 in Fighting
 14638 | Gauntlet | Identified the amulet "Ojyduq" {rN+ Will+ Regen+}
 14687 | Gauntlet | Reached skill level 10 in Unarmed Combat
 14861 | Gauntlet | Noticed a minotaur
 14873 | Gauntlet | Killed a minotaur
 14874 | Gauntlet | Reached skill level 9 in Spellcasting
 14880 | Gauntlet | You pick up a book of Winter and begin reading...
 14880 | Gauntlet | Got the Compendium of Formation
 14880 | Gauntlet | You pick up a book of the Spheres and begin reading...
 14880 | Gauntlet | You add the spells Iskenderun's Battlesphere, Fireball,
                  | Conjure Ball Lightning and Orb of Destruction to your
                  | library.
 15086 | Lair:3   | Found a hole to the Spider Nest.
 15089 | Lair:3   | Reached skill level 10 in Earth Magic
 15269 | Lair:3   | Reached skill level 6 in Dodging
 15584 | Lair:3   | Reached skill level 9 in Fighting
 16002 | Lair:4   | Found a staircase to the Slime Pits.
 16780 | Lair:5   | Entered Level 5 of the Lair of Beasts
 16821 | Lair:5   | Reached skill level 14 in Transmutations
 16862 | Lair:5   | Reached skill level 10 in Fighting
 16873 | Lair:5   | Reached XP level 14. HP: 121/121 MP: 23/27
 16926 | Lair:5   | Reached skill level 11 in Earth Magic
 16937 | Lair:5   | Reached skill level 7 in Dodging
 16974 | Lair:5   | Reached skill level 11 in Fighting
 17089 | Lair:5   | Reached skill level 11 in Unarmed Combat
 17260 | Lair:5   | Reached skill level 10 in Spellcasting
 17804 | Lair:5   | Reached skill level 12 in Fighting
 17917 | Lair:5   | Identified the +4 chain mail of Jazirgho {Rampage *Slow
                  | Str+6 Slay+2}
 18233 | Lair:5   | Reached skill level 8 in Dodging
 18281 | Lair:5   | Learned a level 5 spell: Lee's Rapid Deconstruction
 18285 | Lair:5   | Learned a level 3 spell: Ozocubu's Armour
 18887 | D:12     | Found a staircase to the Orcish Mines.
 19624 | D:13     | Noticed Frances
 19640 | D:13     | Noticed Sonja
 19642 | D:13     | Killed Frances
 19643 | D:13     | Reached skill level 13 in Fighting
 19644 | D:13     | Killed Sonja
 19674 | D:13     | You pick up a book of Touch and begin reading...
 19674 | D:13     | You add the spells Kiss of Death, Confusing Touch and
                  | Dispel Undead to your library.
 19696 | D:13     | Noticed Kirke
 19711 | D:13     | Killed Kirke
 19712 | D:13     | Reached skill level 12 in Unarmed Combat
 19758 | D:13     | Noticed Jorgrun
 19766 | D:13     | Killed Jorgrun
 19898 | D:13     | Reached XP level 15. HP: 93/137 MP: 27/29
 19899 | D:13     | Reached skill level 9 in Dodging
 20070 | D:13     | Reached skill level 14 in Fighting
 20081 | D:13     | You pick up a book of the Earth and begin reading...
 20362 | D:13     | Found a gate to the Vaults.
 20424 | D:13     | Found a runed translucent gate.
 20424 | D:13     | Found a runed translucent gate.
 20424 | D:13     | Found a runed translucent gate.
 20429 | D:13     | Found an ancient bone altar of Kikubaaqudgha.
 20429 | D:13     | Noticed a lich
 20443 | D:13     | Noticed a lich
 20443 | D:13     | Noticed a lich
 20443 | D:13     | Noticed a lich
 20444 | D:13     | Noticed Shenda's ghost (journeyman DrTm)
 20483 | D:13     | You pick up a book of Weapons and begin reading...
 20483 | D:13     | You add the spells Portal Projectile and Blade Hands to
                  | your library.
 20726 | D:13     | Acquired 1284 gold pieces
 20780 | Orc:1    | Entered Level 1 of the Orcish Mines
 20937 | Orc:2    | Entered Level 2 of the Orcish Mines
 21729 | Orc:2    | Found Narompo's Antique Weapon Shoppe.
 21751 | Orc:2    | Found Qoicex's Distillery.
 22195 | Orc:2    | Identified the +2 pair of gloves of Mental Paralysis {-Cast
                  | rC+ SInv}
 22244 | Orc:2    | Reached skill level 13 in Unarmed Combat
 22366 | Orc:2    | Found a staircase to the Elven Halls.
 22463 | Orc:2    | You pick up a book of Dangerous Friends and begin
                  | reading...
 22505 | Orc:2    | Noticed Saint Roka
 22514 | Orc:2    | Reached skill level 15 in Fighting
 22525 | Orc:2    | HP: 40/183 [Saint Roka/divine providence (15)]
 22526 | Orc:2    | Killed Saint Roka
 22527 | Orc:2    | Reached skill level 10 in Dodging
 22790 | Orc:2    | Found Duop's Distillery.
 22807 | Orc:2    | HP: 40/183 [sun demon[an orc high priest] (13)]
 22977 | Orc:2    | Found Gafiop's Assorted Antiques.
 23684 | D:14     | You pick up a book of Death and begin reading...
 23991 | D:14     | You pick up a book of the Dragon and begin reading...
 23991 | D:14     | You add the spells Cause Fear and Dragon Form to your
                  | library.
 24198 | D:15     | Entered Level 15 of the Dungeon
 24294 | D:15     | HP: 44/185 [skeletal warrior/+0 flail (20)]
 24296 | D:15     | HP: 21/185 [skeletal warrior/+0 battleaxe (10)]
 24297 | D:15     | HP: 6/178 [skeletal warrior/+0 flail (19)]
 24298 | D:15     | Slain by a skeletal warrior

Vanquished Creatures
  Saint Roka (Orc:2)
  Jorgrun (D:13)
  Kirke (D:13)
  Frances (D:13)
  An orc warlord (Orc:2)
  A minotaur (Gauntlet)
  A fire dragon (Lair:5)
  A hydra (Lair:2)
  A vault guard (D:13)
  Erolcha (D:9)
  Fannar (Lair:2)
  4 centaur warriors
  2 catoblepae (Lair:3)
  A tengu warrior (D:14)
  5 two-headed ogres
  3 death yaks (Lair:5)
  6 boulder beetles
  The ghost of Jaakounette the Covert, a journeyman SpBr of Dithmenos (D:11)
  5 orc high priests
  Nergalle (D:11)
  Sonja (D:13)
  2 skeletal warriors
  A fire crab (Gauntlet)
  A swamp dragon (Lair:5)
  A wizard (D:14)
  2 wolf spiders (Lair:5)
  5 orc knights
  3 deep elf pyromancers
  5 orc sorcerers
  A manticore (D:11)
  7 cyclopes
  8 ugly things
  A guardian serpent (Lair:5)
  19 elephants (Lair:5)
  2 vault sentinels (D:7)
  A torpor snail (Lair:5)
  12 black mambas
  Maggie (D:7)
  12 cane toads
  2 gargoyles
  Psyche (D:11)
  A kobold demonologist (D:11)
  A yaktaur (D:13)
  An efreet (D:14)
  7 rime drakes
  A tengu conjurer (D:13)
  7 komodo dragons
  3 polar bears
  8 trolls
  9 dream sheep
  3 hornets
  19 blink frogs
  A tarantella (shapeshifter) (D:13)
  3 slime creatures (D:12)
  A vampire (D:9)
  2 jumping spiders (Lair:3)
  13 flying skulls (Gauntlet)
  2 wraiths
  9 shadows
  A culicivora (Lair:3)
  44 yaks
  2 fire bats (Gauntlet)
  10 wyverns
  4 humans
  8 hogs
  4 steam dragons
  8 basilisks
  11 vampire mosquitoes
  2 wargs
  5 redbacks
  Menkaure (D:6)
  An acid dragon (D:10)
  2 hell hounds (Lair:1)
  A swamp drake (Lair:5)
  22 water moccasins
  43 orc warriors
  A sky beast (D:7)
  Pargi (Sewer)
  An ice beast (D:7)
  3 black bears
  25 wolves
  12 centaurs
  8 ogres
  2 phantoms (D:12)
  Blork the orc (D:6)
  2 kobold brigands
  3 necrophages
  14 bullfrogs
  A gnoll sergeant (D:8)
  A scorpion (D:11)
  4 wights (D:8)
  9 killer bees (D:9)
  2 troll zombies (D:12)
  An electric eel (Lair:1)
  9 howler monkeys
  29 orc priests
  6 jellies
  Crazy Yiuf (D:7)
  4 gnoll boudas
  8 iguanas
  25 orc wizards
  6 ogre zombies (D:12)
  16 gnolls
  7 adders
  A shadow imp (D:8)
  2 white imps
  3 worms
  3 dart slugs
  91 orcs
  6 ball pythons
  6 bats
  4 endoplasms
  9 giant cockroaches
  11 goblins
  3 hobgoblins
  17 kobolds
  5 quokkas
  3 frilled lizards
  2 goblin skeletons (D:12)
  4 goblin zombies (D:12)
  A hobgoblin skeleton (D:12)
  4 hobgoblin zombies (D:12)
  2 orc skeletons (D:12)
  11 orc zombies (D:12)
  3 rats
780 creatures vanquished.

Vanquished Creatures (others)
  A boulder beetle (D:14)
  A tengu conjurer (D:14)
  A basilisk (Lair:5)
  A yak (Lair:3)
  A steam dragon (Lair:5)
  An ogre (Orc:2)
  An orc priest (Orc:2)
  2 orcs
  20 demonic plants (Gauntlet)
  47 fungi
  109 plants
185 creatures vanquished.

Grand Total: 965 creatures vanquished

Table legend:
 A = Non-vault XP
 B = Vault XP
 C = Vault XP percentage of total XP
 D = Non-vault monster count
 E = Vault monster count
 F = Vault count percentage of total count
                 A         B        C        D         E       F
            +---------+---------+-------+---------+---------+-------
      Total |   77071 |   70773 |  47.9 |     435 |     347 |  44.4
            +---------+---------+-------+---------+---------+-------
        D:1 |      28 |       3 |   9.7 |      13 |       2 |  13.3
        D:2 |      23 |       0 |   0.0 |      12 |       0 |   0.0
        D:3 |      62 |       0 |   0.0 |      23 |       0 |   0.0
        D:4 |     365 |       0 |   0.0 |      20 |       0 |   0.0
        D:5 |     198 |       0 |   0.0 |       9 |       0 |   0.0
        D:6 |     397 |     316 |  44.3 |       8 |       9 |  52.9
        D:7 |    1187 |    1343 |  53.1 |      22 |       4 |  15.4
        D:8 |     875 |     812 |  48.1 |      24 |       4 |  14.3
        D:9 |    3221 |    2881 |  47.2 |      32 |      11 |  25.6
       D:10 |     883 |       0 |   0.0 |       8 |       0 |   0.0
       D:11 |    4927 |    3386 |  40.7 |      25 |      13 |  34.2
       D:12 |    5534 |     734 |  11.7 |      19 |      35 |  64.8
       D:13 |    4854 |   12958 |  72.7 |       8 |      21 |  72.4
       D:14 |    8431 |       0 |   0.0 |      17 |       0 |   0.0
       D:15 |    3249 |       0 |   0.0 |       7 |       0 |   0.0
     Lair:1 |    6982 |    2603 |  27.2 |      39 |      11 |  22.0
     Lair:2 |    2709 |    2782 |  50.7 |      12 |       7 |  36.8
     Lair:3 |    6867 |     855 |  11.1 |      23 |       4 |  14.8
     Lair:4 |    3777 |     176 |   4.5 |      18 |       4 |  18.2
     Lair:5 |   17892 |   13384 |  42.8 |      46 |      53 |  53.5
      Orc:1 |    4610 |       0 |   0.0 |      50 |       0 |   0.0
      Orc:2 |       0 |   22178 | 100.0 |       0 |     143 | 100.0
      Sewer |       0 |     135 | 100.0 |       0 |       3 | 100.0
   Gauntlet |       0 |    6227 | 100.0 |       0 |      23 | 100.0
            +---------+---------+-------+---------+---------+-------

Illustrated notes

Table legend:
 A = Kills in this place as a percentage of kills in entire the game.
 B = Kills by you in this place as a percentage of kills by you in the entire game.
 C = Kills by friends in this place as a percentage of kills by friends in the entire game.
 D = Other kills in this place as a percentage of other kills in the entire game.
 E = Experience gained in this place as a percentage of experience gained in the entire game.
 F = Experience gained in this place divided by the number of levels of this place that you have seen.
                   A       B       C       D       E      F
               +-------+-------+-------+-------+-------+----------------------
         Total | 100.0 | 100.0 |   N/A | 100.0 | 100.0 | 5913.8
       Dungeon |  44.2 |  44.3 |   N/A |  40.0 |  38.3 | 3777.8
          Lair |  27.7 |  27.5 |   N/A |  60.0 |  39.2 | 11605.4
  Orcish Mines |  24.7 |  24.8 |   N/A |   0.0 |  18.1 | 13394.0
         Sewer |   0.4 |   0.4 |   N/A |   0.0 |   0.1 | 135.0
      Gauntlet |   2.9 |   3.0 |   N/A |   0.0 |   4.2 | 6227.0
               +-------+-------+-------+-------+-------+----------------------

Table legend: (Time is in decaauts)
 A = Elapsed time spent in this place.
 B = Non-inter-level travel time spent in this place.
 C = Inter-level travel time spent in this place.
 D = Time resting spent in this place.
 E = Time spent auto-exploring this place.
 F = Levels seen in this place.
 G = Mean time per level.
                   A        B        C        D        E       F      G
               +--------+--------+--------+--------+--------+-----+--------+
         Total |  26956 |  26054 |    902 |    739 |  19558 |  25 | 1078.2 |
       Dungeon |  14848 |  14380 |    468 |    628 |  11031 |  15 |  989.9 |
        Temple |    466 |    394 |     72 |      0 |    387 |   1 |  466.0 |
          Lair |   7267 |   7098 |    169 |     76 |   5388 |   5 | 1453.4 |
  Orcish Mines |   3201 |   3010 |    191 |     27 |   2035 |   2 | 1600.5 |
         Sewer |    108 |    108 |      0 |      0 |     76 |   1 |  108.0 |
      Gauntlet |   1064 |   1064 |      0 |      7 |    641 |   1 | 1064.0 |
               +--------+--------+--------+--------+--------+-----+--------+

Top non-repeatable levels by time:
   Orc:2: 2512 daAuts
  Lair:5: 1898 daAuts
  Lair:1: 1725 daAuts
    D:11: 1630 daAuts
     D:9: 1630 daAuts
    D:12: 1515 daAuts
     D:7: 1447 daAuts
    D:13: 1406 daAuts
  Lair:2: 1266 daAuts
     D:8: 1228 daAuts
  Lair:3: 1221 daAuts
  Lair:4: 1155 daAuts
Gauntlet: 1064 daAuts
     D:4: 1026 daAuts
     D:3: 1020 daAuts
